ACL
ACL LOS ANGELES (A) ANGELS @ ACL MINNESOTA TWINS
04/28/2042
 
TOP OF THE 1ST
ACL Los Angeles (A) Angels batting - Pitching for ACL Minnesota Twins : RHP Jeff Fontenot
Pitching: RHP Jeff Fontenot
Batting: LHB Sergio Reyes 0-0: Ball
1-0: Called Strike
1-1: Ground out 4-3 (Groundball, 4, EV 87.5 MPH)
Batting: RHB Curt Horton 0-0: Ball
1-0: Foul Ball, location: 5FF
1-1: SINGLE (Line Drive, 56D, EV 100.0 MPH)
Batting: LHB Juan Escobar 0-0: Called Strike
0-1: Ball
1-1: Called Strike
1-2: Ball
2-2: Ball
3-2: Foul Ball, location: 2F
3-2: Foul Ball, location: 2RF
3-2: Strikes out swinging
Curt Horton steals 2nd base
Batter strikes out.
Batting: RHB Butch Dickerson 0-0: Swinging Strike
0-1: Swinging Strike
0-2: Strikes out swinging
Top of the 1st over - 0 runs, 1 hit, 0 errors, 1 left on base; ACL Los Angeles (A) 0 - ACL Minnesota 0
BOTTOM OF THE 1ST
ACL Minnesota Twins batting - Pitching for ACL Los Angeles (A) Angels : RHP Leonardo Hernández
Pitching: RHP Leonardo Hernández
Batting: LHB Jerry Hanna 0-0: Called Strike
0-1: Ball
1-1: Swinging Strike
1-2: Ball
2-2: Ball
3-2: Base on Balls
Batting: RHB Sean Marsh 0-0: Called Strike
0-1: Bunt missed!
0-2: Ball
1-2: Ball
2-2: Foul Ball, location: 9LMF
2-2: Ball
3-2: Base on Balls
Jerry Hanna to second
Batting: RHB Chris McAllister 0-0: Ball
1-0: Ball
2-0: Fielders Choice at 2nd, 3-6 (Groundball, 3, EV 101.9 MPH)
Jerry Hanna to third
Batting: RHB Del John 0-0: Called Strike
0-1: Ball
Chris McAllister steals 2nd base
1-1: Swinging Strike
1-2: Ball
2-2: Ball
3-2: Strikes out swinging
Batting: RHB Wes Reynalds 0-0: Ball
1-0: Fly out, F7 (Flyball, 78D, EV 80.0 MPH)
Bottom of the 1st over - 0 runs, 0 hits, 0 errors, 2 left on base; ACL Los Angeles (A) 0 - ACL Minnesota 0
TOP OF THE 2ND
ACL Los Angeles (A) Angels batting - Pitching for ACL Minnesota Twins : RHP Jeff Fontenot
Batting: SHB Chad Strong 0-0: Ball
1-0: Foul Ball, location: 9LMF
1-1: Ball
2-1: Foul Ball, location: 3DF
2-2: Strikes out swinging
Batting: RHB Chris Daniel 0-0: Ball
1-0: Swinging Strike
1-1: Foul Ball, location: 2LF
1-2: DOUBLE (Line Drive, 89M, EV 105.6 MPH)
Batting: RHB Dave Shaw 0-0: Foul Ball, location: 3F
0-1: Ball
1-1: Foul Ball, location: 23F
1-2: Strikes out looking
Pitching: RHP Greg Román
Batting: SHB Joe Kaufman 0-0: Fly out, F5 (Popup, 5SF, EV 67.5 MPH)
Top of the 2nd over - 0 runs, 1 hit, 0 errors, 1 left on base; ACL Los Angeles (A) 0 - ACL Minnesota 0
BOTTOM OF THE 2ND
ACL Minnesota Twins batting - Pitching for ACL Los Angeles (A) Angels : RHP Leonardo Hernández
Batting: RHB Horace Blanco 0-0: Swinging Strike
0-1: Ball
1-1: Ball
2-1: Called Strike
2-2: Ground out 6-3 (Groundball, 6, EV 109.4 MPH)
Batting: LHB Sam Anderson 0-0: Ball
1-0: Ball
2-0: Fly out, F8 (Flyball, 8RD, EV 95.0 MPH)
Batting: RHB Ronnie Spencer 0-0: Ball
1-0: Ball
2-0: Ball
3-0: Base on Balls
Batting: RHB Ron Mitchell 0-0: Called Strike
0-1: Called Strike
0-2: Ball
1-2: Ball
2-2: Strikes out swinging
Bottom of the 2nd over - 0 runs, 0 hits, 0 errors, 1 left on base; ACL Los Angeles (A) 0 - ACL Minnesota 0
TOP OF THE 3RD
ACL Los Angeles (A) Angels batting - Pitching for ACL Minnesota Twins : RHP Greg Román
Batting: RHB Doug Bland 0-0: Foul Ball, location: 3FF
0-1: Ground out 1-3 (Groundball, P, EV 69.4 MPH)
Batting: LHB Sergio Reyes 0-0: Ball
1-0: Ball
2-0: Called Strike
2-1: Ball
3-1: Base on Balls
Batting: RHB Curt Horton 0-0: Ball
1-0: Ball
2-0: Ball
3-0: Base on Balls
Sergio Reyes to second
Batting: LHB Juan Escobar 0-0: Grounds into double play, 4-6-3 (Groundball, 4, EV 93.1 MPH)
Top of the 3rd over - 0 runs, 0 hits, 0 errors, 1 left on base; ACL Los Angeles (A) 0 - ACL Minnesota 0
BOTTOM OF THE 3RD
ACL Minnesota Twins batting - Pitching for ACL Los Angeles (A) Angels : RHP Leonardo Hernández
Batting: LHB Jerry Hanna 0-0: Ball
1-0: Ball
2-0: Ball
3-0: Called Strike
3-1: Base on Balls
Batting: RHB Sean Marsh 0-0: Sac Bunt to 13 - play at first, batter OUT! 1-3
Jerry Hanna to second
Batting: RHB Chris McAllister 0-0: Ball
1-0: Ball
2-0: Ball
3-0: Called Strike
3-1: Base on Balls
Batting: RHB Del John 0-0: Called Strike
0-1: Swinging Strike
0-2: Ball
1-2: Ball
2-2: Strikes out swinging
Batting: RHB Wes Reynalds 0-0: Called Strike
0-1: DOUBLE (Flyball, 89D, EV 100.6 MPH)
Jerry Hanna scores
Chris McAllister to third
Batting: RHB Horace Blanco 0-0: Ball
1-0: Swinging Strike
1-1: Ground out 5-3 (Groundball, 56, EV 86.3 MPH)
Bottom of the 3rd over - 1 run, 1 hit, 0 errors, 2 left on base; ACL Los Angeles (A) 0 - ACL Minnesota 1
TOP OF THE 4TH
ACL Los Angeles (A) Angels batting - Pitching for ACL Minnesota Twins : RHP Greg Román
Batting: RHB Butch Dickerson 0-0: Ball
1-0: Called Strike
1-1: Swinging Strike
1-2: Hit by Pitch
Batting: SHB Chad Strong 0-0: Ball
1-0: Foul Ball, location: 23F
1-1: Swinging Strike
1-2: Foul Ball, location: 3F
1-2: Ball
2-2: Grounds into double play, 4-6-3 (Groundball, 34, EV 108.8 MPH)
Batting: RHB Chris Daniel 0-0: Ball
1-0: Called Strike
1-1: Foul Ball, location: 5F
1-2: Strikes out looking
Top of the 4th over - 0 runs, 0 hits, 0 errors, 0 left on base; ACL Los Angeles (A) 0 - ACL Minnesota 1
BOTTOM OF THE 4TH
ACL Minnesota Twins batting - Pitching for ACL Los Angeles (A) Angels : RHP Leonardo Hernández
Batting: LHB Sam Anderson 0-0: Ball
1-0: Ball
2-0: Called Strike
2-1: Swinging Strike
2-2: Foul Ball, location: 3FF
2-2: Foul Ball, location: 5SF
2-2: Ball
3-2: Ground out 5-3 (Groundball, 5, EV 89.4 MPH)
Batting: RHB Ronnie Spencer 0-0: Ball
1-0: Ball
2-0: Ball
3-0: Called Strike
3-1: Base on Balls
Batting: RHB Ron Mitchell 0-0: SINGLE (Line Drive, 3D, EV 100.6 MPH)
Ronnie Spencer to second
Batting: LHB Jerry Hanna 0-0: Ball
1-0: Ball
2-0: Ball
3-0: Base on Balls
Ronnie Spencer to third
Ron Mitchell to second
Pitching: RHP José Guillén
Batting: RHB Sean Marsh 0-0: Ball
1-0: Ball
2-0: Foul Ball, location: 2F
2-1: Ball
3-1: Base on Balls
Ronnie Spencer scores
Ron Mitchell to third
Jerry Hanna to second
Batting: RHB Chris McAllister 0-0: Called Strike
0-1: Called Strike
0-2: Foul Ball, location: 9LSF
0-2: Ball
1-2: Strikes out looking
Batting: RHB Del John 0-0: Ball
1-0: Called Strike
1-1: Foul Ball, location: 7LSFF
1-2: Ball
2-2: Foul Ball, location: 9LDF
2-2: Strikes out swinging
Bottom of the 4th over - 1 run, 1 hit, 0 errors, 3 left on base; ACL Los Angeles (A) 0 - ACL Minnesota 2
TOP OF THE 5TH
ACL Los Angeles (A) Angels batting - Pitching for ACL Minnesota Twins : RHP Greg Román
Batting: RHB Dave Shaw 0-0: Swinging Strike
0-1: Swinging Strike
0-2: Strikes out looking
Batting: SHB Joe Kaufman 0-0: SINGLE (Flyball, 3D, EV 92.5 MPH)
Pinch Hitting: RHB Al Saggers 0-0: Called Strike
0-1: DOUBLE (Line Drive, 9LS, EV 91.3 MPH)
Joe Kaufman to third
Runner from 3rd tries for Home, SAFE, no throw by RF
Batting: LHB Sergio Reyes 0-0: Ball
1-0: Fly out, F7 (Line Drive, 7S, EV 91.9 MPH)
Batting: RHB Curt Horton 0-0: Called Strike
0-1: Called Strike
0-2: Ball
1-2: Fly out, F6 (Popup, 6MS, EV 73.1 MPH)
Top of the 5th over - 1 run, 2 hits, 0 errors, 1 left on base; ACL Los Angeles (A) 1 - ACL Minnesota 2
BOTTOM OF THE 5TH
ACL Minnesota Twins batting - Pitching for ACL Los Angeles (A) Angels : RHP José Guillén
Now at 2B: Don Kenner
Batting: RHB Wes Reynalds 0-0: Fly out, F5 (Popup, 25F, EV 81.9 MPH)
Batting: RHB Horace Blanco 0-0: Swinging Strike
0-1: Ball
1-1: Ball
2-1: Foul Ball, location: 2F
2-2: Ball
3-2: Strikes out swinging
Batting: LHB Sam Anderson 0-0: Called Strike
0-1: Ball
1-1: Called Strike
1-2: Strikes out swinging
Bottom of the 5th over - 0 runs, 0 hits, 0 errors, 0 left on base; ACL Los Angeles (A) 1 - ACL Minnesota 2
TOP OF THE 6TH
ACL Los Angeles (A) Angels batting - Pitching for ACL Minnesota Twins : RHP Greg Román
Batting: LHB Juan Escobar 0-0: Called Strike
0-1: Ball
1-1: Swinging Strike
1-2: Ball
2-2: Ball
3-2: Strikes out swinging, 2-3 out at first.
Batting: RHB Butch Dickerson 0-0: Called Strike
0-1: Ball
1-1: Swinging Strike
1-2: Strikes out swinging
Batting: SHB Chad Strong 0-0: Swinging Strike
0-1: Called Strike
0-2: Strikes out looking
Top of the 6th over - 0 runs, 0 hits, 0 errors, 0 left on base; ACL Los Angeles (A) 1 - ACL Minnesota 2
BOTTOM OF THE 6TH
ACL Minnesota Twins batting - Pitching for ACL Los Angeles (A) Angels : RHP José Guillén
Batting: RHB Ronnie Spencer 0-0: Called Strike
0-1: Ball
1-1: Ball
2-1: Ball
3-1: Called Strike
3-2: Base on Balls
Batting: RHB Ron Mitchell 0-0: Sac Bunt to 23 - play at first, batter OUT! 3-4
Ronnie Spencer to second
Batting: LHB Jerry Hanna 0-0: Foul Ball, location: 7LSF
0-1: SINGLE (Groundball, 34D, EV 101.3 MPH)
Ronnie Spencer to third
Batting: RHB Sean Marsh 0-0: Ball
1-0: Ball
2-0: Ball
3-0: Called Strike
3-1: Foul Ball, location: 2F
3-2: Foul Ball, location: 23FF
3-2: Base on Balls
Jerry Hanna to second
Batting: RHB Chris McAllister 0-0: Called Strike
0-1: Ball
1-1: GRAND SLAM HOME RUN (Line Drive, 7LD, EV 94.4 MPH), Distance : 349 ft
Pitching: RHP Jeff Jenkins
Batting: RHB Del John 0-0: Called Strike
0-1: Ball
1-1: Ball
2-1: Fly out, F8 (Flyball, 8RD, EV 79.4 MPH)
Batting: RHB Wes Reynalds 0-0: SINGLE (Groundball, 34D, EV 105.0 MPH)
Batting: RHB Horace Blanco 0-0: Called Strike
Wes Reynalds is caught stealing 2nd base 2-4
Bottom of the 6th over - 4 runs, 3 hits, 0 errors, 0 left on base; ACL Los Angeles (A) 1 - ACL Minnesota 6
TOP OF THE 7TH
ACL Los Angeles (A) Angels batting - Pitching for ACL Minnesota Twins : RHP Greg Román
Batting: RHB Chris Daniel 0-0: SOLO HOME RUN (Flyball, 7D, EV 95.6 MPH), Distance : 366 ft
Pinch Hitting: RHB Tim Flowers 0-0: Foul Ball, location: 25FF
0-1: Ball
1-1: Called Strike
1-2: Foul Ball, location: 9LMF
1-2: Strikes out swinging
Batting: SHB Joe Kaufman 0-0: Ball
1-0: Called Strike
1-1: Ball
2-1: Swinging Strike
2-2: Strikes out swinging
Batting: RHB Don Kenner 0-0: Ball
1-0: Ball
2-0: Ball
3-0: Called Strike
3-1: Base on Balls
Batting: LHB Sergio Reyes 0-0: Ground out 4-3 (Groundball, 4, EV 82.5 MPH)
Top of the 7th over - 1 run, 1 hit, 0 errors, 1 left on base; ACL Los Angeles (A) 2 - ACL Minnesota 6
BOTTOM OF THE 7TH
ACL Minnesota Twins batting - Pitching for ACL Los Angeles (A) Angels : RHP Jeff Jenkins
Now in CF: Tim Flowers
Batting: RHB Horace Blanco 0-0: Called Strike
0-1: Swinging Strike
0-2: Ball
1-2: Foul Ball, location: 2F
1-2: Strikes out swinging
Batting: LHB Sam Anderson 0-0: Fly out, F7 (Line Drive, 78M, EV 109.4 MPH)
Batting: RHB Ronnie Spencer 0-0: Swinging Strike
0-1: Ball
1-1: Foul Ball, location: 5F
1-2: Strikes out swinging
Bottom of the 7th over - 0 runs, 0 hits, 0 errors, 0 left on base; ACL Los Angeles (A) 2 - ACL Minnesota 6
TOP OF THE 8TH
ACL Los Angeles (A) Angels batting - Pitching for ACL Minnesota Twins : RHP Greg Román
Batting: RHB Curt Horton 0-0: Ball
1-0: Ball
2-0: Foul Ball, location: 5F
2-1: Ball
3-1: Base on Balls
Batting: LHB Juan Escobar 0-0: Ball
1-0: Ball
2-0: Fly out, F3 (Popup, 23F, EV 92.5 MPH)
Batting: RHB Butch Dickerson 0-0: Ball
1-0: 2-RUN HOME RUN (Flyball, 7D, EV 93.1 MPH), Distance : 370 ft
Batting: SHB Chad Strong 0-0: Ball
1-0: Ball
2-0: Ball
3-0: Called Strike
3-1: Swinging Strike
3-2: DOUBLE (Line Drive, 5D, EV 97.5 MPH)
Pitching: RHP Juan Gonzáles
Batting: RHB Chris Daniel 0-0: Swinging Strike
0-1: Called Strike
0-2: Strikes out looking
Batting: RHB Tim Flowers 0-0: Called Strike
0-1: Called Strike
0-2: Strikes out looking
Top of the 8th over - 2 runs, 2 hits, 0 errors, 1 left on base; ACL Los Angeles (A) 4 - ACL Minnesota 6
BOTTOM OF THE 8TH
ACL Minnesota Twins batting - Pitching for ACL Los Angeles (A) Angels : RHP Jeff Jenkins
Batting: RHB Ron Mitchell 0-0: Swinging Strike
0-1: Foul Ball, location: 7LMF
0-2: Strikes out looking
Batting: LHB Jerry Hanna 0-0: Foul Ball, location: 3FF
0-1: Ball
1-1: Foul Ball, location: 5SF
1-2: Ball
2-2: Ball
3-2: Fly out, F5 (Popup, 25F, EV 80.6 MPH)
Batting: RHB Sean Marsh 0-0: SINGLE (Groundball, 4S, EV 68.1 MPH) (infield hit)
Batting: RHB Chris McAllister 0-0: Ball
1-0: Ball
2-0: Called Strike
2-1: Foul Ball, location: 5FF
2-2: Foul Ball, location: 2F
2-2: Ball
Sean Marsh is caught stealing 2nd base 2-4
Bottom of the 8th over - 0 runs, 1 hit, 0 errors, 0 left on base; ACL Los Angeles (A) 4 - ACL Minnesota 6
TOP OF THE 9TH
ACL Los Angeles (A) Angels batting - Pitching for ACL Minnesota Twins : RHP Juan Gonzáles
Pitching: LHP Ernie Sloan
Batting: SHB Joe Kaufman 0-0: Ground out 4-3 (Groundball, 4, EV 84.4 MPH)
Batting: RHB Don Kenner 0-0: Called Strike
0-1: Ground out 6-3 (Groundball, 6, EV 93.8 MPH)
Batting: LHB Jared Stout 0-0: Called Strike
0-1: Ball
1-1: DOUBLE (Line Drive, 78D, EV 106.3 MPH)
Batting: RHB Curt Horton 0-0: Ball
1-0: Called Strike
1-1: Swinging Strike
1-2: Foul Ball, location: 9LDF
1-2: Strikes out swinging
Top of the 9th over - 0 runs, 1 hit, 0 errors, 1 left on base; ACL Los Angeles (A) 4 - ACL Minnesota 6
Friday, May 3rd , 2024 - OOTP Baseball 24.10 Build 82